 Dungeon Crawl Stone Soup version 0.26-a0-1184-g95e395e029 (webtiles) character file.

Game seed: 7909992214283660445

782519 Mesmaeker13 the Executioner (level 27, -3/277 HPs)
             Began as a Deep Dwarf Hunter on Dec 26, 2020.
             Was the Champion of Makhleb.
             Slain by a large abomination (7 damage)
             ... led by an Executioner
             ... in Pandemonium on Dec 27, 2020.
             The game lasted 04:24:02 (68389 turns).

Mesmaeker13 the Executioner (Deep Dwarf Hunter)    Turns: 68389, Time: 04:24:03

Health: -3/277     AC: 32    Str: 30    XL:     27
Magic:  19/19      EV: 19    Int: 20    God:    Makhleb [******]
Gold:   5679       SH: 27    Dex: 18    Spells: 36/50 levels left

rFire    + + +     SeeInvis +   K - +6 war axe "Wus Xyb" {vorpal, +Inv rC++ rN+++ Dex-4}
rCold    + + +     Faith    .   e - +4 kite shield "Erebirhi" {rCorr}
rNeg     + + +     Spirit   .   u - +8 fire dragon scales
rPois    .         Reflect  +   Z - +0 mask of the Dragon {Will+ Slay+3 SInv}
rElec    +         Harm     .   m - +0 cloak of Light {Will+++ rCorr Str-2 Dex+6}
rCorr    +         Rampage  .   j - +1 pair of gloves of Stained Music {+Inv Str+4}
Will     +++++                  V - +2 pair of boots {run}
Stlth    ..........             h - amulet of the Trilobite {Reflect Fragile rC+++ Will++ SH+5 SInv}
HPRegen  0.00/turn              x - ring "Paonweh" {Fire rN+}
MPRegen  0.16/turn              H - ring of Ephemeral Luck {rElec EV+4 Str+2 Slay+3}

@: non-regenerating, slowed, studying Earth Magic, very slow
A: damage resistance, heal wounds, horns 1, large bone plates 1, agile 1, clever
1, low mp 1, negative energy resistance 1, sense surroundings 3, strong 2,
evolution 1, no regeneration
}: 7/15 runes: decaying, serpentine, slimy, silver, abyssal, glowing, fiery
a: Heal Wounds, Renounce Religion, Evoke Invisibility, Minor Destruction, Lesser
Servant of Makhleb, Major Destruction, Greater Servant of Makhleb


You were in Pandemonium.
You worshipped Makhleb.
Makhleb was exalted by your worship.
You visited 13 branches of the dungeon, and saw 56 of its levels.
You visited Pandemonium 1 time, and saw 12 of its levels.
You visited the Abyss 1 time.
You also visited: Ossuary, Bailey and Ice Cave.

You collected 10523 gold pieces.
You spent 4844 gold pieces at shops.

Inventory:

Hand Weapons
 a - a +6 hand crossbow of freezing
 b - the +12 war axe "Huor" {flame, +Rage rC+ Str+4 Dex+2}
   (You bought it in a shop on level 2 of the Orcish Mines)

   It has been specially enchanted to burn those struck by it, causing extra
   injury to most foes and up to half again as much damage against particularly
   susceptible opponents.
   Big, fiery blades are also staple armaments of hydra-hunters.
   It affects your strength (+4).
   It affects your dexterity (+2).
   It protects you from cold.
   It lets you go berserk.
 K - the +6 war axe "Wus Xyb" (weapon) {vorpal, +Inv rC++ rN+++ Dex-4}
   (You found it on level 2 of the Depths)

   It inflicts extra damage upon your enemies.
   It affects your dexterity (-4).
   It greatly protects you from cold.
   It renders you almost immune to negative energy.
   It lets you turn invisible.
 L - a +8 vorpal executioner's axe
 P - the +3 sling "Punk" {acid, rCorr}
   (You found it on level 9 of the Dungeon)

   It provides partial protection from all sources of acid and corrosion.
Missiles
 d - 1934 bolts
 r - 3 throwing nets
 R - 293 sling bullets
Armour
 e - the +4 kite shield "Erebirhi" (worn) {rCorr}
   (You took it off Asterion on level 2 of the Depths)

   It provides partial protection from all sources of acid and corrosion.
 j - the +1 pair of gloves of Stained Music (worn) {+Inv Str+4}
   (You found it on level 5 of the Depths)

   It affects your strength (+4).
   It lets you turn invisible.
 m - the +0 cloak of Light (worn) {Will+++ rCorr Str-2 Dex+6}
   (You found it on level 3 of the Elven Halls)

   It affects your strength (-2).
   It affects your dexterity (+6).
   It affects your willpower, your defense against some magical effects.
   It provides partial protection from all sources of acid and corrosion.
 u - +8 fire dragon scales (worn)
 V - a +2 pair of boots of running (worn)
 Z - the +0 mask of the Dragon (worn) {Will+ Slay+3 SInv}
   (You found it on level 3 of the Elven Halls)

   It affects your accuracy and damage with ranged weapons and melee attacks
   (+3).
   It affects your willpower, your defense against some magical effects.
   It lets you see invisible.
Jewellery
 h - the amulet of the Trilobite (around neck) {Reflect Fragile rC+++ Will++ SH+5 SInv}
   (You found it on level 1 of the Crypt)

   [amulet of reflection]

   It shields you and reflects attacks.
   It renders you almost immune to cold.
   It affects your willpower, your defense against some magical effects.
   It lets you see invisible.
   It will be destroyed if unequipped.
   It affects your SH (+5).
 s - the ring of Robustness {AC+8}
   (You took it off a deep elf demonologist on level 5 of the Vaults)

   [ring of protection]

   It affects your AC (+8).
 x - the ring "Paonweh" (left hand) {Fire rN+}
   (You found it in Pandemonium)

   [ring of fire]

   It enhances your fire magic.
   It protects you from fire.
   It makes you vulnerable to cold.
   It protects you from negative energy.
 C - the ring of Fiehamil {*Drain rPois Str+2 Int+6 Dex+8}
   (You found it on level 6 of the Dungeon)

   [ring of intelligence]

   It affects your strength (+2).
   It affects your intelligence (+6).
   It affects your dexterity (+8).
   It protects you from poison.
   It causes draining when unequipped.
 H - the ring of Ephemeral Luck (right hand) {rElec EV+4 Str+2 Slay+3}
   (You bought it in a shop on level 1 of the Depths)

   [ring of evasion]

   It affects your evasion (+4).
   It affects your strength (+2).
   It affects your accuracy and damage with ranged weapons and melee attacks
   (+3).
   It insulates you from electricity.
Wands
 i - a wand of paralysis (6)
 v - a wand of disintegration (45)
 T - a wand of digging (26)
Scrolls
 g - 10 scrolls of remove curse
 l - 3 scrolls of fear
 n - 2 scrolls of magic mapping
 o - 2 scrolls of identify
 q - 10 scrolls of fog
 t - 2 scrolls of silence
 A - 2 scrolls of brand weapon
 E - 3 scrolls of summoning
 G - a scroll of holy word
 I - 7 scrolls of blinking
 J - 12 scrolls of teleportation
 M - a scroll of amnesia
Potions
 c - 3 potions of mutation
 f - a potion of heal wounds
 k - 3 potions of lignification
 p - a potion of ambrosia
 w - 3 potions of might
 z - a potion of brilliance
 B - 8 potions of curing
 D - 3 potions of haste
 F - 4 potions of flight
 O - a potion of cancellation
 S - 3 potions of resistance
Books
 Q - a manual of Earth Magic
Miscellaneous
 y - a box of beasts (inert)
 N - a tin of tremorstones (2/2)
 U - a condenser vane (inert)
 W - a phantom mirror


   Skills:
 + Level 22.1 Fighting
 + Level 22.2(23.5) Axes
 - Level 13.6(18.6) Maces & Flails
 - Level 14.0 Slings
 - Level 9.2 Crossbows
 + Level 21.1 Armour
 - Level 8.0 Dodging
 - Level 1.2 Stealth
 - Level 10.9 Shields
 - Level 12.2 Spellcasting
 - Level 17.0 Necromancy
 - Level 12.3 Translocations
 - Level 21.0 Invocations
 - Level 12.0 Evocations


You had 36 spell levels left.
You knew the following spells:

 Your Spells              Type           Power        Failure   Level
a - Animate Dead          Necr           34%          1%          4
b - Death Channel         Necr           34%          2%          6
c - Passage of Golubria   Tloc           N/A          1%          4

Your spell library contained the following spells:

 Spells                   Type           Power        Failure   Level
 Animate Skeleton         Necr           100%         0%          1
 Pain                     Necr           100%         0%          1
 Apportation              Tloc           100%         1%          1
 Blink                    Tloc           N/A          1%          2
 Corpse Rot               Necr/Air       N/A          1%          2
 Sublimation of Blood     Necr           34%          1%          2
 Gell's Gravitas          Tloc           28%          1%          3
 Lesser Beckoning         Tloc           28%          1%          3
 Teleport Other           Tloc           57%          1%          3
 Dispel Undead            Necr           69%          1%          4
 Agony                    Necr           69%          1%          5
 Excruciating Wounds      Necr           34%          1%          5
 Portal Projectile        Hex/Tloc       72%          3%          3
 Borgnjor's Vile Clutch   Necr/Erth      23%          13%         5
 Beastly Appendage        Tmut           24%          16%         1
 Corona                   Hex            13%          16%         1
 Foxfire                  Conj/Fire      72%          16%         1
 Freeze                   Ice            48%          16%         1
 Magic Dart               Conj           48%          16%         1
 Sandblast                Erth           24%          16%         1
 Shock                    Conj/Air       48%          16%         1
 Sting                    Tmut/Pois      48%          16%         1
 Summon Small Mammal      Summ           48%          16%         1
 Dispersal                Tloc           28%          16%         6
 Call Imp                 Summ           12%          24%         2
 Ensorcelled Hibernation  Hex/Ice        24%          24%         2
 Passwall                 Tmut/Erth      10%          24%         2
 Poisonous Vapours        Pois/Air       24%          24%         2
 Slow                     Hex            12%          24%         2
 Swiftness                Air            12%          24%         2
 Wereblood                Tmut           12%          24%         2
 Summon Forest            Summ/Tloc      18%          34%         5
 Call Canine Familiar     Summ           12%          43%         3
 Confusing Touch          Hex            12%          43%         3
 Conjure Flame            Conj/Fire      18%          43%         3
 Frozen Ramparts          Ice            24%          43%         3
 Ignite Poison            Fire/Tmut/Pois 18%          43%         3
 Inner Flame              Hex/Fire       18%          43%         3
 Mephitic Cloud           Conj/Pois/Air  12%          43%         3
 Ozocubu's Armour         Ice            12%          43%         3
 Spider Form              Tmut/Pois      6%           43%         3
 Static Discharge         Conj/Air       12%          43%         3
 Stone Arrow              Conj/Erth      24%          43%         3
 Summon Guardian Golem    Hex/Summ       12%          43%         3
 Tukima's Dance           Hex            12%          43%         3
 Simulacrum               Ice/Necr       23%          58%         6
 Airstrike                Air            6%           83%         4
 Cause Fear               Hex            6%           83%         4
 Fulminant Prism          Conj/Hex       6%           83%         4
 Hailstorm                Conj/Ice       12%          83%         4
 Ice Form                 Ice/Tmut       12%          83%         4
 Leda's Liquefaction      Hex/Erth       6%           83%         4
 Olgreb's Toxic Radiance  Pois           12%          83%         4
 Petrify                  Tmut/Erth      12%          83%         4
 Summon Ice Beast         Ice/Summ       12%          83%         4
 Summon Lightning Spire   Summ/Air       12%          83%         4
 Alistair's Intoxication  Tmut/Pois      8%           99%         5
 Blade Hands              Tmut           6%           99%         5
 Bolt of Magma            Conj/Fire/Erth 9%           99%         5
 Fireball                 Conj/Fire      9%           99%         5
 Irradiate                Conj/Tmut      6%           99%         5
 Iskenderun's Battlesphe  Conj           12%          99%         5
 Lee's Rapid Deconstruct  Erth           6%           99%         5
 Lightning Bolt           Conj/Air       6%           99%         5
 Metabolic Englaciation   Hex/Ice        6%           99%         5
 Silence                  Hex/Air        6%           99%         5
 Summon Demon             Summ           6%           99%         5
 Summon Mana Viper        Hex/Summ       12%          99%         5
 Yara's Violent Unravell  Hex/Tmut       6%           99%         5
 Conjure Ball Lightning   Conj/Air       6%           100%        6
 Eringya's Noxious Bog    Tmut/Pois      6%           100%        6
 Freezing Cloud           Conj/Ice/Air   6%           100%        6
 Hydra Form               Tmut           6%           100%        6
 Invisibility             Hex            12%          100%        6
 Iron Shot                Conj/Erth      6%           100%        6
 Shadow Creatures         Summ           N/A          100%        6
 Starburst                Conj/Fire      9%           100%        6
 Dragon Form              Tmut           6%           100%        7
 Malign Gateway           Summ/Tloc      18%          100%        7
 Monstrous Menagerie      Summ           6%           100%        7
 Orb of Destruction       Conj           6%           100%        7
 Spellforged Servitor     Conj/Summ      6%           100%        7
 Summon Greater Demon     Summ           6%           100%        7
 Summon Hydra             Summ           6%           100%        7
 Chain Lightning          Conj/Air       6%           100%        8
 Disjunction              Tloc           28%          100%        8
 Ignition                 Fire           9%           100%        8
 Lehudib's Crystal Spear  Conj/Erth      6%           100%        8
 Summon Horrible Things   Summ           6%           100%        8
 Absolute Zero            Ice            6%           100%        9
 Fire Storm               Conj/Fire      9%           100%        9
 Shatter                  Erth           6%           100%        9
 Tornado                  Air            6%           100%        9


Dungeon Overview and Level Annotations

Branches:
Dungeon (15/15)            Temple (1/1) D:5            Lair (6/6) D:10
  Swamp (4/4) Lair:3        Snake (4/4) Lair:2        Slime (5/5) Lair:6
    Orc (2/2) D:11            Elf (3/3) Orc:2        Vaults (5/5) D:13
  Crypt (3/3) Vaults:3       Tomb (0/3) Crypt:3      Depths (5/5) D:15
   Hell (visited)             Dis (0/7) Hell            Geh (0/7) Hell
    Coc (0/7) Hell            Tar (0/7) Hell            Zot (2/5) Depths:5
Ossuary (visited)          Bailey (visited)           IceCv (visited)

Altars:
Ashenzari
Cheibriados
Dithmenos
Elyvilon
Fedhas
Gozag
Hepliaklqana
Kikubaaqudgha
Makhleb
Nemelex Xobeh
Okawaru
Qazlal
Ru
Sif Muna
Trog
Uskayaw
Vehumet
Wu Jian
Xom
Yredelemnul
Zin
The Shining One
Beogh
Jiyva

Shops:
D:8 ?   D:9 [   D:11 *:*   D:12 [   D:13 ?   Orc:1 !   Orc:2 ?(?(   Depths:1 !=
Depths:2 [*[==

Portals:
Hell: Depths:1 Depths:2 Depths:3 Depths:4 Depths:5
Abyss: Depths:3 Depths:4
Pandemonium: Depths:2 Depths:3 Depths:4
Ziggurat: Depths:5

Annotations:
D:14 1 runed translucent door, exclusion: orange crystal statue
Lair:3 3 runed translucent doors, melvinkitnick's ghost, journeyman MfIE
Swamp:3 3 runed translucent doors, Uffyhuy's ghost, journeyman GrBe
Snake:4 1 exclusion
Pan Gloorx Vloq


Innate Abilities, Weirdness & Mutations

You are resistant to damage.
You can heal yourself by infusing magical energy.
You resist negative energy. (rN+)
You passively map a large area around you.
You do not regenerate.
You have a pair of small horns on your head.
You are partially covered in large bone plates. (SH +4)
You are agile. (Dex +2)
Your mind is acute. (Int +2)
Your magical capacity is low. (-10% MP)
Your muscles are very strong. (Str +4)
You evolve.


Message History

You block the Executioner's attack.
The Executioner hits you but does no damage.
The Executioner barely misses you.
The Executioner hits you but does no damage.
The large abomination hits you!!
* * * LOW HITPOINT WARNING * * *
A large abomination comes into view.
The Executioner hits you but does no damage.
The Executioner barely misses you. The Executioner completely misses you.
You block the large abomination's attack.
You feel better. You block the Executioner's attack. x2
The Executioner closely misses you. You block the Executioner's attack.
The Executioner misses you. The Executioner completely misses you.
The Executioner closely misses you. The Executioner barely misses you.
You block the Executioner's attack. The Executioner hits you!
* * * LOW HITPOINT WARNING * * *
The Executioner hits you. x2
* * * LOW HITPOINT WARNING * * *
The large abomination hits you!
You die...

,,* **≈≈≈≈*≈*,,......,#≈#,,
,,* **≈≈≈*≈##.......##≈#,,
,,* **≈≈*≈≈..X,,....≈≈#** ,,*
*##*≈...*,,,#...≈#,, ,,*
*****######≈#...≈#####≈...##*
,,*
*,,,,^.........≈≈≈≈≈≈≈≈≈...#
,,*
*,,,,.........***########..#
,,* *,,,,........#≈≈≈≈≈≈≈≈*
##.# ,,*
*,,,,.....X1@#*≈≈≈≈≈≈** #.#
,,* *,,,,......X.#**≈≈≈≈,*
#.# ,,* *,,,,........#
**≈≈..* #.# ,,*
*,,,,........# ***#.#####.#
,,* *,,,,........# #.......#
,,*
*****#################...####
,,* ##...,................
,,* ##...#*#.#.###.#.#.#.##
,,* ##....###.#.###.#.#.#.##


You could see an Executioner (fast) and 3 large abominations.

Vanquished Creatures
  Cerebov (Pan)
  the Royal Jelly (Slime:5)
  Dissolution (Slime:5)
  Mnoleg (Pan)
  A pandemonium lord (Pan)
  Mara (Crypt:3)
  4 ancient liches
  2 juggernauts
  Sojobo (Crypt:2)
  Bai Suzhen (Snake:3)
  Margery (Crypt:3)
  Frederick (Crypt:3)
  Saint Roka (Snake:2)
  A curse toe (Zot:2)
  5 golden dragons
  Geryon (Hell)
  A bone dragon (Crypt:3)
  A Tzitzimitl (Pan)
  4 Brimstone Fiends (Pan)
  An electric golem (Zot:2)
  5 hellephants
  A Hell Sentinel (Pan)
  16 tentacled monstrosities
  2 Ice Fiends (Pan)
  A lich (Depths:3)
  Asterion (Depths:2)
  2 deep elf blademasters (Elf:3)
  3 titans (Vaults:5)
  3 quicksilver dragons (Zot:1)
  25 acid blobs
  2 deep elf master archers (Elf:3)
  4 sphinxes
  3 death cobs (Zot:2)
  4 ancient champions
  14 Executioners (Pan)
  7 storm dragons
  7 draconian monks
  10 tengu reavers
  4 shadow dragons
  5 revenants
  3 fenstrider witches (Swamp:4)
  9 azure jellies (Slime:5)
  4 fire giants
  2 blood saints (Pan)
  7 nagarajas
  6 deep elf sorcerers
  21 cacodemons
  4 draconian knights
  2 iron dragons
  17 vault wardens
  A ghost moth (Zot:1)
  A juggernaut zombie (Hell)
  9 frost giants
  2 warmongers (Pan)
  2 curse skulls
  6 balrugs
  3 reapers
  2 ghouls
  6 deep elf elementalists
  A caustic shrike skeleton (Crypt:1)
  2 draconian shifters
  17 ironheart preservers
  A draconian annihilator (Zot:2)
  20 very ugly things
  3 draconian stormcallers
  27 stone giants
  6 war gargoyles
  4 vampire knights
  2 yellow draconians (Zot:1)
  4 green draconians
  3 corrupters (Pan)
  8 deep elf demonologists
  7 black draconians
  7 lorocyprocas
  6 red draconians
  4 deep elf annihilators (Elf:3)
  10 white draconians
  9 bunyips
  8 purple draconians
  3 black suns (Pan)
  Azrael (Elf:1)
  An entropy weaver (Vaults:4)
  8 dire elephants (Abyss:3)
  12 ettins
  9 deep elf death magi
  2 spark wasps (Depths:3)
  Snorg (D:13)
  2 green deaths
  6 blizzard demons
  8 eleionomae
  2 death oozes (Slime:5)
  3 eidola
  A kraken zombie (Hell)
  13 yaktaur captains
  6 deep elf high priests
  A fire dragon (shapeshifter) (Vaults:5)
  16 ogre magi
  6 jiangshi
  15 fire dragons
  7 boulder beetles
  10 hydras
  A monstrous demonspawn (Pan)
  29 vault guards
  22 great orbs of eyes
  12 naga warriors
  A hydra (shapeshifter) (Vaults:4)
  Erolcha (D:11)
  11 ice dragons
  A hell beast (Depths:2)
  2 ghost crabs
  4 rakshasas
  Harold (D:7)
  3 death knights
  6 spriggan air magi
  13 centaur warriors
  6 anacondas
  14 alligators
  6 hell hogs (Hell)
  33 two-headed ogres
  28 dancing weapons
  15 deep troll shamans
  6 deep troll earth magi
  14 naga sharpshooters
  4 death yaks (Lair:6)
  A storm dragon zombie (Vaults:4)
  4 vampire magi
  An orc high priest (Orc:2)
  3 spriggan berserkers
  6 tengu warriors
  A titan zombie (Vaults:5)
  7 small abominations
  8 shock serpents
  14 soul eaters
  10 sun demons
  17 hell knights
  20 deep elf knights
  7 iron trolls
  A salamander mystic (Depths:1)
  A wretched star (Abyss:2)
  6 shadow wraiths (Pan)
  23 sixfirhies
  23 skeletal warriors
  6 goliath frogs
  6 wizards
  A torturous demonspawn (Pan)
  24 deep trolls
  5 unseen horrors
  A gelid demonspawn (Pan)
  3 death drakes (Depths:5)
  2 infernal demonspawn (Pan)
  8 spriggan druids
  3 glowing orange brains
  2 shadow demons (Pan)
  2 storm dragon skeletons (Crypt:3)
  8 swamp dragons
  20 ironbrand convokers
  15 deep elf archers
  5 naga ritualists
  6 flayed ghosts
  A kraken simulacrum (Hell)
  8 phantasmal warriors
  An anaconda skeleton (Hell)
  8 necromancers
  A golden dragon skeleton (Hell)
  3 bog bodies
  4 lindwurms (Depths:5)
  A tengu skeleton (Vaults:5)
  5 harpies
  21 orc knights
  A mana viper (shapeshifter) (Depths:1)
  A goliath frog zombie (Crypt:1)
  9 shining eyes
  A manticore (D:11)
  5 wolf spiders
  7 orc sorcerers
  6 mana vipers
  2 shining eyes (shapeshifter)
  2 oklob plants (Lair:5)
  58 deep elf magi
  A shadow dragon skeleton (Crypt:3)
  3 tengu zombies
  2 worldbinders (Abyss:2)
  A fire giant zombie (Hell)
  2 sphinx skeletons
  11 salamanders
  39 ugly things
  A frost giant zombie (Hell)
  4 will-o-the-wisps
  21 moths of wrath
  4 stone giant skeletons
  15 cyclopes
  A guardian serpent (shapeshifter) (Depths:5)
  4 rust devils
  A centaur zombie (D:15)
  13 fire giant skeletons
  24 black mambas
  2 shock serpent zombies
  11 elephants
  24 naga magi
  10 smoke demons
  An apocalypse crab (Abyss:3)
  30 cane toads
  8 eyes of devastation
  7 gargoyles
  3 guardian serpents
  A shock serpent skeleton (Crypt:3)
  10 vault sentinels
  2 yaktaur zombies
  2 ice statues
  An efreet (Pan)
  4 spectral swamp worms (Depths:5)
  A black draconian zombie (Crypt:1)
  A death yak zombie (Crypt:1)
  24 orange demons
  17 freezing wraiths
  7 hellions
  A rime drake (Lair:4)
  5 tormentors (Pan)
  An alligator snapping turtle skeleton (Crypt:2)
  3 komodo dragons
  31 yaktaurs
  3 hydra zombies (Hell)
  2 human skeletons
  A queen bee (D:9)
  4 wind drakes (Depths:5)
  2 guardian mummies (Crypt:3)
  14 red devils
  A yaktaur (shapeshifter) (Depths:3)
  4 ice devils
  A polar bear (Lair:4)
  An ancient zyme (Abyss:2)
  10 hellwings
  10 trolls
  A harpy zombie (Crypt:3)
  2 tengu conjurers
  A jumping spider (Vaults:4)
  A polar bear (shapeshifter) (Vaults:4)
  10 tyrant leeches
  6 meliai
  40 blink frogs
  A wolf spider simulacrum (IceCv)
  19 hornets
  A hydra skeleton (Hell)
  4 raiju (Abyss:2)
  2 deep troll zombies (Hell)
  A raiju (shapeshifter) (Depths:4)
  A stone giant simulacrum (Vaults:4)
  2 ice dragon zombies (Hell)
  4 fire dragon zombies
  79 slime creatures
  2 spriggan zombies (Hell)
  2 ettin zombies (Hell)
  A meliai zombie (D:13)
  A satyr zombie (Crypt:1)
  5 redbacks
  2 air elementals
  An ettin skeleton (Pan)
  A centaur simulacrum (D:15)
  24 spriggans
  2 yaks (shapeshifter)
  4 flying skulls (Crypt:1)
  9 ynoxinuls
  7 fire dragon skeletons (Crypt:3)
  A vampire (D:15)
  A tarantella (Vaults:2)
  3 wyverns
  14 water elementals
  2 shadows (Crypt:3)
  21 yaks
  12 wraiths
  2 fire bats (Depths:1)
  3 basilisks
  3 golden eyes (Pan)
  12 fire elementals
  15 chaos spawn (Pan)
  A steam dragon (Lair:3)
  30 neqoxecs
  2 yaktaur simulacra
  12 vampire mosquitoes
  A death yak simulacrum (IceCv)
  57 nagas
  14 swamp worms
  8 wargs
  A wind drake skeleton (Crypt:1)
  Edmund (D:5)
  A spatial vortex (Abyss:3)
  A soldier ant (D:15)
  A soldier ant (shapeshifter) (Vaults:1)
  16 water moccasins
  3 acid dragons
  A water moccasin (shapeshifter) (Depths:4)
  16 large abominations
  A floating eye (shapeshifter) (Depths:4)
  A two-headed ogre skeleton (Crypt:2)
  10 hell hounds
  51 orc warriors
  4 swamp drakes
  A hornet zombie (D:8)
  3 floating eyes (Pan)
  A cane toad skeleton (Hell)
  An alligator simulacrum (Hell)
  2 black bears (shapeshifter)
  5 black bears
  11 ice beasts
  7 necrophages (D:8)
  2 sky beasts
  2 phantoms
  A blink frog zombie (Crypt:1)
  5 wolves (Lair:3)
  2 human zombies
  26 ogres
  5 boggarts (Depths:1)
  31 centaurs
  8 eyes of draining
  A snapping turtle skeleton (Crypt:3)
  A manticore skeleton (Crypt:3)
  3 big kobolds
  30 bullfrogs
  2 earth elementals
  2 elf zombies
  2 gnoll sergeants
  A deep troll simulacrum (Vaults:5)
  A merfolk simulacrum (Hell)
  An elf simulacrum (Vaults:1)
  5 scorpions
  26 killer bees
  2 troll skeletons
  8 wights
  8 electric eels
  3 crimson imps
  8 howler monkeys
  5 bullfrog zombies
  4 draconian simulacra (IceCv)
  A quasit (Depths:3)
  2 bullfrog skeletons
  4 hounds
  9 jellies
  30 orc wizards
  20 orc priests
  6 centaur skeletons
  5 iguanas
  9 worker ants
  Ijyb (D:5)
  4 hell rats (Hell)
  5 troll simulacra (IceCv)
  A polar bear simulacrum (IceCv)
  A wolf simulacrum (IceCv)
  A big kobold zombie (Ossuary)
  2 hound zombies (D:8)
  13 mummies
  A worker ant zombie (D:8)
  29 gnolls
  A howler monkey skeleton (D:6)
  9 ogre simulacra (IceCv)
  5 adders
  2 naga simulacra (IceCv)
  4 shadow imps
  24 white imps
  An ufetubus (D:5)
  2 adder zombies
  A halfling zombie (Crypt:2)
  An adder skeleton (D:6)
  A worm (shapeshifter) (Abyss:2)
  2 worms
  2 leopard geckos (D:4)
  121 orcs
  2 ball pythons (D:4)
  6 bats
  6 giant cockroaches
  A gnoll zombie (Crypt:2)
  9 goblins
  17 hobgoblins
  14 jackals
  8 quokkas
  A frilled lizard (shapeshifter) (Depths:3)
  10 frilled lizards
  A goblin zombie (Ossuary)
  A hobgoblin skeleton (Crypt:1)
  6 hobgoblin zombies (Ossuary)
  A jackal zombie (Ossuary)
  37 kobolds
  11 kobold zombies (Ossuary)
  A leopard gecko skeleton (D:4)
  10 orc zombies
  A quokka skeleton (D:3)
  7 rats
  A rat skeleton (Crypt:2)
  6 rat zombies (Ossuary)
  A crawling corpse (Elf:3)
  2 fire vortices (Pan)
  3 tentacles (Hell)
2861 creatures vanquished.

Vanquished Creatures (collateral kills)
  2 ancient liches (Crypt:3)
  A Tzitzimitl (Pan)
  An Ice Fiend (Pan)
  A tentacled monstrosity (Zot:2)
  A lich (Crypt:3)
  2 Executioners (Pan)
  2 sphinxes
  2 titans (Vaults:5)
  An acid blob (Slime:5)
  A nagaraja (Snake:3)
  2 frost giants (Vaults:5)
  A fire giant (Vaults:5)
  2 balrugs (Pan)
  3 very ugly things
  A war gargoyle (Crypt:3)
  Louise (Depths:4)
  2 stone giants
  2 ironheart preservers
  A vampire knight (Depths:2)
  2 bunyips (Swamp:2)
  An entropy weaver (Vaults:2)
  2 blizzard demons (Hell)
  A green death (Swamp:4)
  A fire dragon (Depths:2)
  4 ettins
  A great orb of eyes (Slime:5)
  A yaktaur captain (Vaults:5)
  2 hydras (Swamp:2)
  An ice dragon (Vaults:2)
  6 vault guards
  A naga warrior (Snake:3)
  A boulder beetle (D:10)
  Erica (D:8)
  A two-headed ogre (D:10)
  3 dancing weapons
  A deep troll earth mage (Vaults:5)
  An alligator (Swamp:2)
  A deep troll shaman (Depths:3)
  A vampire mage (Depths:2)
  2 death yaks (Lair:6)
  2 soul eaters (Pan)
  2 deep elf knights (Elf:2)
  Sonja (D:11)
  A sun demon (Pan)
  A wretched star (Abyss:3)
  2 skeletal warriors (Crypt:3)
  A spatial maelstrom (Abyss:3)
  A sixfirhy (Hell)
  A torturous demonspawn (Depths:2)
  A shadow wraith (Vaults:5)
  6 deep trolls
  A wizard (Swamp:4)
  A naga ritualist (Snake:4)
  A spriggan druid (Swamp:2)
  An ironbrand convoker (Vaults:2)
  A harpy (Vaults:3)
  3 deep elf magi
  5 orc knights
  2 phantasmal warriors
  A faun (shapeshifter) (Vaults:5)
  A salamander (Snake:3)
  A moth of wrath (Zot:2)
  5 elephants
  2 ugly things (Depths:2)
  3 black mambas
  A guardian serpent (Snake:3)
  A smoke demon (Pan)
  2 eyes of devastation
  2 naga magi
  3 cane toads
  2 orange demons
  A komodo dragon (Lair:1)
  A spectral swamp worm (Depths:5)
  A hellwing (Depths:2)
  3 freezing wraiths
  A yaktaur (Vaults:2)
  A red devil (Pan)
  A merfolk (shapeshifter) (Vaults:2)
  A queen bee (shapeshifter) (Depths:5)
  4 tyrant leeches
  A hornet (Swamp:2)
  8 slime creatures
  9 blink frogs
  4 large abominations (Pan)
  2 shadows
  2 spriggans
  A wyvern (D:8)
  6 yaks
  A golden eye (Abyss:3)
  3 basilisks
  A neqoxec (Pan)
  A warg (Vaults:5)
  9 nagas
  2 spatial vortices (Abyss:3)
  A hell hound (Elf:1)
  3 water moccasins
  2 black bears
  4 orc warriors
  4 ogres
  A centaur (D:10)
  5 bullfrogs
  A wyvern zombie (D:10)
  A scorpion (D:8)
  6 killer bees
  A hound (D:10)
  An orc priest (Vaults:2)
  A worker ant (D:8)
  A mummy (Crypt:3)
  4 gnolls (Bailey)
  A white imp (D:13)
  8 orcs
  A hobgoblin (Bailey)
  2 kobolds
  2 quokkas (D:10)
  4 fire vortices (Pan)
240 creatures vanquished.

Vanquished Creatures (others)
  An eldritch tentacle (Pan)
  A tengu reaver (Vaults:5)
  A fire giant (Vaults:4)
  A cacodemon (Pan)
  A dire elephant (Abyss:3)
  An eidolon (Crypt:1)
  A blizzard demon (Pan)
  A deep elf knight (Elf:1)
  3 sixfirhies (Pan)
  A deep elf mage (D:11)
  A naga mage (Snake:2)
  A hellwing (Depths:1)
  A bloated husk (Swamp:4)
  A water elemental (Depths:1)
  A chaos spawn (Pan)
  2 vampire mosquitoes (D:13)
  A naga (Snake:3)
  A hell hound (Hell)
  4 orc warriors
  2 hell rats (Hell)
  An orc (Vaults:4)
  2 bushes (Lair:6)
  2 fire vortices (Pan)
  20 foxfires (Swamp:4)
  87 fungi
  246 plants
  6 tentacles (Hell)
  22 withered plants (Crypt:3)
413 creatures vanquished.

Grand Total: 3514 creatures vanquished

Notes
Turn   | Place    | Note
-------+----------+-------------------------------------------
     0 | D:1      | Mesmaeker13 the Deep Dwarf Hunter began the quest for the
                  | Orb.
     0 | D:1      | Reached XP level 1. HP: 19/19 MP: 1/1
   448 | D:1      | Reached XP level 2. HP: 26/26 MP: 2/2
   977 | D:2      | Reached XP level 3. HP: 32/32 MP: 3/3
  1115 | D:2      | Found a basalt altar of Yredelemnul.
  1312 | D:2      | Reached skill level 5 in Crossbows
  1341 | D:2      | Noticed a phantom
  1386 | D:2      | Killed a phantom
  1387 | D:2      | Reached skill level 1 in Axes
  1387 | D:2      | Reached XP level 4. HP: 26/40 MP: 4/4
  1387 | D:2      | Reached XP level 5. HP: 31/48 MP: 5/5
  1470 | D:2      | Found a sacrificial altar of Ru.
  2064 | D:3      | Reached skill level 1 in Evocations
  2115 | D:3      | Found an opulent altar of Gozag.
  2121 | D:3      | Reached XP level 6. HP: 32/56 MP: 6/6
  2388 | D:4      | Got a heavily runed cloak
  2394 | D:4      | Identified the -2 cloak of Rin Fua {MP+9} (You found it on
                  | level 4 of the Dungeon)
  3223 | D:5      | Entered Level 5 of the Dungeon
  3288 | D:5      | Found a burning altar of Makhleb.
  3290 | D:5      | Found a hazy altar of Hepliaklqana.
  3290 | D:5      | Found a shimmering blue altar of Sif Muna.
  3292 | D:5      | Found a shimmering altar of Xom.
  3292 | D:5      | Found a stormy altar of Qazlal.
  3292 | D:5      | Found a snail-covered altar of Cheibriados.
  3338 | D:5      | Noticed Edmund
  3352 | D:5      | Killed Edmund
  3353 | D:5      | Reached skill level 1 in Armour
  3353 | D:5      | Reached XP level 7. HP: 58/63 MP: 7/7
  3382 | D:5      | Found a staircase to the Ecumenical Temple.
  3410 | Temple   | Entered the Ecumenical Temple
  3576 | Temple   | Became a worshipper of Makhleb the Destroyer
  3712 | D:5      | Found a shimmering blue altar of Sif Muna.
  3713 | D:5      | Found a glowing silver altar of Zin.
  3714 | D:5      | Found a basalt altar of Yredelemnul.
  3846 | D:5      | Found a blossoming altar of Fedhas.
  3846 | D:5      | Found a hide-covered altar of Uskayaw.
  3848 | D:5      | Found a radiant altar of Vehumet.
  3913 | D:5      | Reached XP level 8. HP: 27/73 MP: 8/8
  4134 | D:5      | Noticed Ijyb
  4153 | D:5      | Killed Ijyb
  4488 | D:6      | Reached skill level 1 in Maces & Flails
  4495 | D:6      | Reached * piety under Makhleb
  4614 | D:6      | Got a sparkling steel ring
  4615 | D:6      | Identified the ring of Fiehamil {*Drain rPois Str+2 Int+6
                  | Dex+8} (You found it on level 6 of the Dungeon)
  4643 | D:6      | Reached skill level 5 in Evocations
  4885 | D:6      | Reached skill level 5 in Fighting
  5369 | D:7      | Reached ** piety under Makhleb
  5437 | D:7      | You fall into a shaft and drop 1 floor!
  5482 | D:8      | Gained mutation: You passively map the area around you.
                  | [Deep Dwarf growth]
  5482 | D:8      | Reached XP level 9. HP: 55/81 MP: 9/9
  5522 | D:8      | Found a sand-covered staircase.
  5532 | Ossuary  | Entered an ossuary
  5638 | Ossuary  | Reached *** piety under Makhleb
  5832 | D:7      | Got a scorched dagger
  5999 | D:7      | Reached skill level 1 in Invocations
  6046 | D:7      | Noticed Harold
  6073 | D:7      | Killed Harold
  6074 | D:7      | Reached skill level 5 in Armour
  6630 | D:7      | Found a hazy altar of Hepliaklqana.
  6783 | D:8      | Reached XP level 10. HP: 84/85 MP: 10/10
  6831 | D:8      | Identified the +1 dagger of Toupnet {protect, rF++ Int+2
                  | Dex+2} (You found it on level 7 of the Dungeon)
  6994 | D:8      | Noticed Erica
  7033 | D:8      | Killed Erica
  7244 | D:8      | Found a stormy altar of Qazlal.
  7251 | D:8      | Reached **** piety under Makhleb
  7308 | D:8      | Found Ryuluch's Magic Scroll Shoppe.
  7317 | D:8      | Bought a scroll of teleportation for 30 gold pieces
  7425 | D:9      | Found Omurchinn's Antique Armour Shop.
  7525 | D:9      | Identified the +2 shortbow of the Head {freeze, Dex+7}
  7603 | D:9      | Found a stormy altar of Qazlal.
  7891 | D:9      | Found the +3 sling "Punk" {acid, rCorr}
  7895 | D:9      | Noticed a two-headed ogre
  7900 | D:9      | Killed a two-headed ogre
  7901 | D:9      | Reached skill level 5 in Invocations
  8276 | D:9      | Reached skill level 5 in Axes
  8790 | D:10     | Entered Level 10 of the Dungeon
  8791 | D:10     | Noticed a two-headed ogre
  8802 | D:10     | Killed a two-headed ogre
  8803 | D:10     | Reached skill level 1 in Slings
  8806 | D:10     | Noticed a gargoyle
  8836 | D:10     | Killed a gargoyle
  8840 | D:10     | Reached XP level 11. HP: 53/100 MP: 13/13
  9036 | D:10     | Noticed a boulder beetle
  9057 | D:10     | Killed a boulder beetle
  9216 | D:10     | Found a staircase to the Lair.
 10039 | Lair:1   | Entered Level 1 of the Lair of Beasts
 10258 | Lair:1   | Noticed a five-headed hydra
 10304 | Lair:1   | Killed a three-headed hydra
 11141 | Lair:2   | Reached skill level 5 in Slings
 11141 | Lair:2   | Reached XP level 12. HP: 49/112 MP: 16/16
 11435 | Lair:2   | Found a staircase to the Snake Pit.
 11847 | Lair:3   | Reached ***** piety under Makhleb
 11974 | Lair:3   | Reached skill level 10 in Invocations
 12528 | Lair:3   | Found a runed translucent gate.
 12529 | Lair:3   | Found a runed translucent gate.
 12530 | Lair:3   | Found a runed translucent gate.
 12532 | Lair:3   | Noticed melvinkitnick's ghost (journeyman MfIE)
 12787 | Lair:3   | Found a staircase to the Swamp.
 13474 | Lair:4   | Reached skill level 10 in Armour
 14652 | Lair:5   | Reached XP level 13. HP: 60/121 MP: 17/17
 14965 | Lair:5   | Got a brightly glowing platinum ring
 14972 | Lair:5   | Identified the cursed ring "Qexam" {Str-4 Dex+4} (You found
                  | it on level 5 of the Lair of Beasts)
 15016 | Lair:6   | Entered Level 6 of the Lair of Beasts
 15530 | Lair:6   | Reached skill level 10 in Fighting
 15827 | Lair:5   | Reached skill level 10 in Axes
 17250 | Lair:6   | Gained mutation: You resist negative energy. (rN+) [Deep
                  | Dwarf growth]
 17250 | Lair:6   | Reached XP level 14. HP: 50/133 MP: 17/17
 17460 | Lair:6   | Got a dazzling morningstar
 17492 | Lair:6   | Identified the +6 morningstar of Wabeseid {freeze, Will+
                  | Str+9 Stlth+} (You found it on level 6 of the Lair of
                  | Beasts)
 17514 | Lair:6   | Found a staircase to the Slime Pits.
 17731 | Lair:6   | Reached skill level 5 in Maces & Flails
 18356 | D:9      | Bought a crude plate armour for 868 gold pieces
 18367 | D:9      | Identified the +10 plate armour of the Sun {rCorr} (You
                  | bought it in a shop on level 9 of the Dungeon)
 18395 | D:11     | Noticed Sonja
 18395 | D:11     | Noticed Erolcha
 18444 | D:11     | Found a staircase to the Orcish Mines.
 18476 | D:11     | Found Suca's General Store.
 18548 | D:11     | Found a transporter.
 18576 | D:11     | Found a flagged portal.
 18581 | Bailey   | Entered a bailey
 18887 | D:11     | Killed Sonja
 18926 | D:11     | Found Mein's Assorted Antiques.
 18959 | D:11     | Killed Erolcha
 19032 | D:11     | Got a shimmering plate armour
 19034 | D:11     | Identified the ring of Cegi Tec {*Tele +Blink Will++ Str+5}
 19054 | D:11     | Found a transporter.
 19066 | D:11     | Found Qitianuc's Book Shoppe.
 19314 | Orc:1    | Entered Level 1 of the Orcish Mines
 19314 | Orc:1    | Found Miopoas's Distillery.
 19327 | D:11     | Identified the +1 plate armour of the Ageless Wonders {rC+}
                  | (You found it on level 11 of the Dungeon)
 19365 | Orc:1    | Bought a potion of heal wounds for 75 gold pieces
 19793 | Orc:1    | Found a roughly hewn altar of Beogh.
 20317 | Orc:2    | Entered Level 2 of the Orcish Mines
 20341 | Orc:2    | Found a staircase to the Elven Halls.
 20595 | Orc:2    | Found a roughly hewn altar of Beogh.
 21326 | Orc:2    | Reached skill level 10 in Slings
 21448 | Orc:2    | Found Daoph's Magic Scroll Shoppe.
 21448 | Orc:2    | Found Yzxigicw's Antique Weapon Shop.
 21450 | Orc:2    | Found Peanoat's Magic Scroll Boutique.
 21452 | Orc:2    | Found Ipruosch's Weapon Emporium.
 21664 | D:12     | Found Diothuil's Antique Armour Emporium.
 22521 | D:12     | Found a large runed translucent door.
 22521 | D:12     | Found a large runed translucent door.
 22849 | D:13     | Noticed Snorg
 22859 | D:13     | Killed Snorg
 22974 | D:13     | Found Voneacli's Magic Scroll Boutique.
 23123 | D:13     | Found a frozen archway.
 23136 | IceCv    | Entered an ice cave
 23137 | IceCv    | Reached ****** piety under Makhleb
 23410 | IceCv    | Reached XP level 15. HP: 117/142 MP: 18/18
 23490 | IceCv    | Found an ancient bone altar of Kikubaaqudgha.
 24354 | D:13     | Found a gate to the Vaults.
 25212 | D:14     | Found a snail-covered altar of Cheibriados.
 25374 | D:14     | Found a runed translucent door.
 25801 | Orc:2    | Bought the +12 war axe "Huor" {flame, +Rage rC+ Str+4
                  | Dex+2} for 1349 gold pieces
 25967 | Swamp:1  | Entered Level 1 of the Swamp
 26012 | Swamp:1  | Identified a scroll of acquirement
 26013 | Swamp:1  | Acquired the amulet of Cuokhlac {Acrobat +Inv rPois Dex+2}
 26925 | Swamp:2  | Reached XP level 16. HP: 150/152 MP: 20/20
 27542 | Swamp:3  | Found a runed translucent gate.
 27542 | Swamp:3  | Found a runed translucent gate.
 27542 | Swamp:3  | Found a runed translucent gate.
 27546 | Swamp:3  | Noticed Uffyhuy's ghost (journeyman GrBe)
 28057 | Swamp:3  | Acquired a +2 pair of boots of running
 28158 | Swamp:4  | Entered Level 4 of the Swamp
 28894 | Swamp:4  | Reached skill level 15 in Invocations
 29061 | Swamp:4  | Reached XP level 17. HP: 106/163 MP: 22/22
 29096 | Swamp:4  | Got a decaying rune of Zot
 29505 | D:15     | Entered Level 15 of the Dungeon
 29826 | D:15     | Found a staircase to the Depths.
 29971 | D:15     | Learned a level 4 spell: Animate Dead
 30239 | D:15     | Reached skill level 1 in Necromancy
 30495 | Snake:1  | Entered Level 1 of the Snake Pit
 31473 | Snake:2  | Reached skill level 15 in Armour
 31784 | Snake:2  | Noticed Saint Roka
 31817 | Snake:2  | Killed Saint Roka
 32740 | Snake:3  | Noticed Bai Suzhen
 32775 | Snake:3  | Killed Bai Suzhen
 32964 | Snake:3  | Gained mutation: You passively map a large area around you.
                  | [Deep Dwarf growth]
 32964 | Snake:3  | Reached XP level 18. HP: 174/174 MP: 24/24
 33176 | Snake:3  | Reached skill level 5 in Necromancy
 33860 | Snake:4  | Entered Level 4 of the Snake Pit
 35081 | Snake:4  | Got a serpentine rune of Zot
 35944 | Elf:1    | Entered Level 1 of the Elven Halls
 36106 | Elf:1    | Noticed Azrael
 36123 | Elf:1    | Killed Azrael
 36725 | Elf:1    | Reached skill level 5 in Dodging
 37291 | Elf:2    | Reached XP level 19. HP: 152/183 MP: 25/25
 37310 | Elf:2    | Found a runed translucent gate.
 37310 | Elf:2    | Found a runed translucent gate.
 37310 | Elf:2    | Found a runed translucent gate.
 38153 | Elf:3    | Entered Level 3 of the Elven Halls
 38972 | Elf:3    | Identified the +6 battleaxe "Ruokuuck" {drain, *Noise rElec
                  | rF+ SInv}
 39239 | Elf:3    | Identified the +1 dagger of the Pariah {flame, *Corrode
                  | Int+5}
 39262 | Elf:3    | Identified the cursed +1 falchion "Cyejos" {pain, Int+4}
 39307 | Elf:3    | Reached skill level 10 in Evocations
 39309 | Elf:3    | Reached skill level 15 in Fighting
 39541 | Elf:3    | Found the +2 hat of the Bear Spirit {Spirit, +Rage rN+
                  | Will++}
 39617 | Elf:3    | Found the +0 mask of the Dragon {Will+ Slay+3 SInv}
 39626 | Elf:3    | Got a masterwork cloak
 39638 | Elf:3    | Identified the +0 cloak of Light {Will+++ rCorr Str-2
                  | Dex+6} (You found it on level 3 of the Elven Halls)
 40121 | Depths:1 | Entered Level 1 of the Depths
 40223 | Depths:1 | Reached XP level 20. HP: 194/194 MP: 23/23
 40257 | Depths:1 | Reached skill level 10 in Necromancy
 40309 | Depths:1 | Found a gateway to Hell.
 40657 | Depths:1 | Found Ugoqiv's Jewellery Boutique.
 40669 | Depths:1 | Bought the ring of Ephemeral Luck {rElec EV+4 Str+2 Slay+3}
                  | for 1135 gold pieces
 40700 | Depths:1 | Reached skill level 10 in Maces & Flails
 40769 | Depths:1 | Found Wasann's Distillery.
 41494 | Depths:2 | Found Samete's Assorted Antiques.
 41561 | Depths:2 | Found Nadymiza's Antique Armour Shop.
 41622 | Depths:2 | Found Wapre's Jewellery Boutique.
 41729 | Depths:2 | Found a one-way gate leading to the halls of Pandemonium.
 41757 | Depths:2 | Found Bone's Antique Armour Emporium.
 41847 | Depths:2 | Found Runut's Jewellery Boutique.
 41969 | Depths:2 | Found the +6 Majin-Bo {vamp, MP+6 Int+6}
 41972 | Depths:2 | Got a bloodstained war axe
 41974 | Depths:2 | Identified the +6 war axe "Wus Xyb" {vorpal, +Inv rC++
                  | rN+++ Dex-4} (You found it on level 2 of the Depths)
 42269 | Depths:3 | Identified the +4 kite shield "Erebirhi" {rCorr}
 42269 | Depths:3 | Noticed Asterion
 42296 | Depths:2 | Killed Asterion
 42488 | Depths:3 | Found a one-way gate to the infinite horrors of the Abyss.
 42648 | Depths:3 | Reached skill level 5 in Shields
 42732 | Depths:3 | Noticed a juggernaut
 42734 | Depths:3 | Reached XP level 21. HP: 204/204 MP: 24/24
 42758 | Depths:3 | Killed a juggernaut
 42787 | Depths:3 | Noticed a golden dragon
 42803 | Depths:3 | Killed a golden dragon
 43371 | Depths:1 | Bought the brooch of Shielding {Spirit SH+8} for 1009 gold
                  | pieces
 43371 | Depths:1 | Found the brooch of Shielding {Spirit SH+8}
 43441 | Hell     | Entered the Vestibule of Hell
 43441 | Hell     | Noticed Geryon
 43967 | Depths:4 | Noticed Louise
 43980 | Depths:4 | Cast into level 2 of the Abyss (Louise)
 44192 | Abyss:2  | Found a corrupted altar of Lugonu.
 44407 | Abyss:3  | Gained mutation: Scrolls take you a little longer to read.
                  | [a neqoxec]
 44504 | Abyss:3  | Found a corrupted altar of Lugonu.
 44526 | Abyss:3  | Got an abyssal rune of Zot
 44541 | Depths:4 | Escaped the Abyss
 44553 | Depths:4 | Gained mutation: You tend to lose your temper in combat. [a
                  | cacodemon]
 44560 | Depths:4 | Killed Louise
 44571 | Depths:4 | Lost mutation: You tend to lose your temper in combat.
                  | [potion of mutation]
 44571 | Depths:4 | Lost mutation: Scrolls take you a little longer to read.
                  | [potion of mutation]
 44571 | Depths:4 | Gained mutation: You possess an exceptional clarity of
                  | mind. [potion of mutation]
 44753 | Depths:5 | Entered Level 5 of the Depths
 44949 | Depths:5 | Reached XP level 22. HP: 167/214 MP: 0/25
 44949 | Depths:5 | Noticed a juggernaut
 44967 | Depths:5 | Killed a juggernaut
 45270 | Depths:5 | Found a gateway to a ziggurat.
 45727 | Depths:5 | Noticed a golden dragon
 45736 | Depths:5 | Killed a golden dragon
 45833 | Depths:5 | Found a gate to the Realm of Zot.
 46072 | Depths:5 | Noticed an ancient lich
 46084 | Depths:5 | Killed an ancient lich
 46196 | Depths:5 | Reached skill level 10 in Shields
 46198 | Depths:5 | Identified the Catalogue of Clay
 46201 | Depths:5 | Got a pair of crude gloves
 46778 | Lair:1   | Upgraded the game from 0.26-a0-1181-gd376ed14c5 to
                  | 0.26-a0-1184-g95e395e029
 46862 | Vaults:1 | Entered Level 1 of the Vaults
 47420 | Vaults:1 | Got a translucent chain mail
 47432 | Vaults:1 | Identified the +11 chain mail of Going Fast {Will- Dex+4}
                  | (You found it on level 1 of the Vaults)
 47452 | Vaults:1 | Identified the +1 pair of gloves of Stained Music {+Inv
                  | Str+4} (You found it on level 5 of the Depths)
 48274 | Vaults:2 | Reached XP level 23. HP: 224/224 MP: 0/27
 48694 | Vaults:2 | Reached skill level 1 in Spellcasting
 49396 | Vaults:2 | Reached skill level 15 in Axes
 50063 | Vaults:3 | Reached skill level 15 in Necromancy
 50336 | Vaults:3 | Found a staircase to the Crypt.
 51096 | Vaults:4 | Reached XP level 24. HP: 236/236 MP: 0/27
 51575 | Vaults:4 | Reached skill level 5 in Spellcasting
 52122 | Vaults:4 | Identified the +7 plate armour of Celaiph {Int+3} (You
                  | found it on level 4 of the Vaults)
 52289 | Vaults:4 | Learned a level 6 spell: Death Channel
 52440 | Vaults:5 | Entered Level 5 of the Vaults
 52492 | Vaults:5 | Gained mutation: You have sharp toenails. [a shining eye]
 52537 | Vaults:5 | Noticed an ancient lich
 52937 | Vaults:5 | Identified Siex's Volume of Lightness and the Volcanoes
 52950 | Vaults:5 | Got an ebony dagger
 53121 | Vaults:5 | Reached XP level 25. HP: 246/246 MP: 28/28
 53178 | Vaults:5 | Killed an ancient lich
 53203 | Vaults:5 | Identified the +7 dagger of Majestic True Grit {antimagic,
                  | +Fly Str+2 Dex+3} (You found it on level 5 of the Vaults)
 53461 | Vaults:5 | Got a silver rune of Zot
 53465 | Vaults:5 | Identified the Papyrus of Flamy Feathers
 53957 | Vaults:5 | Identified the +9 war axe of Quick Death {vorpal, Dex+3}
 54690 | Crypt:1  | Entered Level 1 of the Crypt
 54729 | Crypt:1  | Learned a level 4 spell: Passage of Golubria
 54741 | Crypt:1  | Found a transporter.
 54871 | Crypt:1  | Reached skill level 1 in Translocations
 55035 | Crypt:1  | Found a transporter.
 55409 | Crypt:1  | Noticed an ancient lich
 55421 | Crypt:1  | Killed an ancient lich
 55480 | Crypt:1  | Got a sparkling lead amulet
 55486 | Crypt:1  | Identified the amulet of the Trilobite {Reflect Fragile
                  | rC+++ Will++ SH+5 SInv} (You found it on level 1 of the
                  | Crypt)
 55498 | Crypt:1  | Got a translucent platinum amulet
 55503 | Crypt:1  | Identified the amulet "Ytuviata" {Spirit +Fly rF- rC+
                  | Int+5} (You found it on level 1 of the Crypt)
 55995 | Crypt:2  | Noticed Sojobo
 56032 | Crypt:2  | Killed Sojobo
 56248 | Crypt:3  | Entered Level 3 of the Crypt
 56689 | Crypt:3  | Noticed Margery
 56698 | Crypt:3  | Reached skill level 5 in Translocations
 56727 | Crypt:3  | Killed Margery
 56800 | Crypt:3  | Noticed Mara
 56809 | Crypt:3  | Noticed Mesmaeker13's illusion
 56815 | Crypt:3  | Killed Mara
 56838 | Crypt:3  | Found a staircase to the Tomb.
 57516 | Crypt:3  | Identified the +8 rapier "Goene" {vorpal, rF+} (You found
                  | it on level 3 of the Crypt)
 57780 | Crypt:3  | Noticed Frederick
 57784 | Crypt:3  | Noticed an ancient lich
 57800 | Crypt:3  | Killed an ancient lich
 57856 | Crypt:3  | Killed Frederick
 57903 | Crypt:3  | Found an ancient bone altar of Kikubaaqudgha.
 57916 | Crypt:3  | Noticed an ancient lich
 57918 | Crypt:3  | Noticed an ancient lich
 57926 | Crypt:3  | Killed an ancient lich
 57927 | Crypt:3  | Reached XP level 26. HP: 239/258 MP: 28/28
 57931 | Crypt:3  | Killed an ancient lich
 58727 | Zot:1    | Entered Level 1 of the Realm of Zot
 58751 | Zot:1    | You fall into a shaft and drop 1 floor!
 59122 | Zot:1    | Reached skill level 10 in Spellcasting
 60904 | Orc:2    | Bought a scroll of immolation for 42 gold pieces
 60904 | Orc:2    | Bought a scroll of enchant armour for 90 gold pieces
 60904 | Orc:2    | Bought a scroll of enchant weapon for 90 gold pieces
 60904 | Orc:2    | Bought a scroll of immolation for 42 gold pieces
 60904 | Orc:2    | Bought a scroll of enchant armour for 90 gold pieces
 61155 | Slime:1  | Entered Level 1 of the Pits of Slime
 61186 | Slime:2  | Reached skill level 10 in Translocations
 61258 | Slime:3  | Gained mutation: Your magical capacity is low. (-10% MP) [a
                  | shining eye]
 61269 | Slime:2  | Gained mutation: You are dopey. (Int -2) [a shining eye]
 61284 | Slime:2  | Gained mutation: Armour fits poorly on your strangely
                  | shaped body. [a shining eye]
 61288 | Slime:2  | Gained mutation: Your magical capacity is very low. (-20%
                  | MP) [a shining eye]
 61639 | Slime:4  | Gained mutation: Scrolls take you a little longer to read.
                  | [a shining eye]
 61640 | Slime:4  | Gained mutation: Your magical capacity is extremely low.
                  | (-30% MP) [a shining eye]
 61689 | Slime:5  | Entered Level 5 of the Pits of Slime
 61771 | Slime:5  | Noticed Dissolution
 61779 | Slime:5  | Paralysed by a floating eye for 3 turns
 61787 | Slime:5  | Killed Dissolution
 61788 | Slime:5  | Reached XP level 27. HP: 268/268 MP: 13/17
 62063 | Slime:5  | Found a viscous altar of Jiyva.
 62071 | Slime:5  | Noticed the Royal Jelly
 62112 | Slime:5  | Killed the Royal Jelly
 62220 | Slime:5  | Identified the Guide on Changing and Malediction
 62223 | Slime:5  | Got a smoking pewter ring
 62231 | Slime:5  | Identified the ring "Namn" {+Fly rElec Int+4 Dex+4} (You
                  | found it on level 5 of the Pits of Slime)
 62263 | Slime:5  | Identified Ramaid's Grimoire of the Poisonous Traveller
 62277 | Slime:5  | Identified Kikubaaqudgha's Volume of Dark Arts
 62302 | Slime:5  | Identified the Volume of Transformation and Blows and
                  | Bruises
 62324 | Slime:5  | Got a slimy rune of Zot
 62339 | Slime:5  | Got an ancient copper amulet
 62589 | D:11     | Bought a scroll of identify for 24 gold pieces
 62592 | D:11     | Identified the amulet of Xotaffuann {Acrobat rF+ Will+
                  | MP+9} (You found it on level 5 of the Pits of Slime)
 62688 | Lair:1   | Lost mutation: Scrolls take you a little longer to read.
                  | [potion of mutation]
 62688 | Lair:1   | Lost mutation: You are dopey. (Int -2) [potion of mutation]
 62688 | Lair:1   | Lost mutation: Armour fits poorly on your strangely shaped
                  | body. [potion of mutation]
 62688 | Lair:1   | Gained mutation: Scrolls take you a little longer to read.
                  | [potion of mutation]
 62688 | Lair:1   | Gained mutation: Your mind is acute. (Int +2) [potion of
                  | mutation]
 62688 | Lair:1   | Lost mutation: Scrolls take you a little longer to read.
                  | [potion of mutation]
 62688 | Lair:1   | Gained mutation: You have a pair of small horns on your
                  | head. [potion of mutation]
 63539 | Hell     | Killed Geryon
 63649 | Hell     | Found a gateway to the Iron City of Dis.
 63769 | Hell     | Found a gateway to the freezing wastes of Cocytus.
 63894 | Hell     | Found a gateway to the decaying netherworld of Tartarus.
 63970 | Hell     | Found a gateway to the ashen valley of Gehenna.
 64502 | Pan      | Entered Pandemonium
 64506 | Pan      | Noticed Lezxafuttusch the pandemonium lord
 64921 | Pan      | Gained mutation: You are frail. (-10% HP) [a neqoxec]
 64988 | Pan      | Gained mutation: Scrolls take you a little longer to read.
                  | [a cacodemon]
 65022 | Pan      | Found a runed translucent door.
 65027 | Pan      | Noticed Jeqann the pandemonium lord
 65041 | Pan      | Killed Jeqann the pandemonium lord
 65179 | Pan      | Found an exit through the horrors of the Abyss.
 65193 | Pan      | Entered the realm of Mnoleg.
 65232 | Pan      | Paralysed by a floating eye for 4 turns
 65237 | Pan      | Gained mutation: You occasionally shout uncontrollably at
                  | your foes. [a neqoxec]
 65238 | Pan      | Lost mutation: You have a pair of small horns on your head.
                  | [a neqoxec]
 65292 | Pan      | Gained mutation: You are occasionally teleported next to
                  | monsters. [a cacodemon]
 65300 | Pan      | Gained mutation: You are sometimes teleported next to
                  | monsters. [a cacodemon]
 65414 | Pan      | Lost mutation: Scrolls take you a little longer to read. [a
                  | neqoxec]
 65423 | Pan      | Found an exit through the horrors of the Abyss.
 65465 | Pan      | Gained mutation: You are very frail. (-20% HP) [a neqoxec]
 65565 | Pan      | Gained mutation: Your spells are a little easier to cast,
                  | but a little less powerful. [a cacodemon]
 65603 | Pan      | Noticed Mnoleg
 65624 | Pan      | Gained mutation: Your body sometimes deteriorates upon
                  | taking damage. [a neqoxec]
 65654 | Pan      | Gained mutation: Armour fits poorly on your strangely
                  | shaped body. [a cacodemon]
 65684 | Pan      | Killed Mnoleg
 65828 | Pan      | Gained mutation: You sometimes yell uncontrollably at your
                  | foes. [a neqoxec]
 65831 | Pan      | Gained mutation: Your body often deteriorates upon taking
                  | damage. [a shining eye]
 65833 | Pan      | Lost mutation: You possess an exceptional clarity of mind.
                  | [a shining eye]
 65954 | Pan      | Gained mutation: Your spells are easier to cast, but less
                  | powerful. [a neqoxec]
 65957 | Pan      | Gained mutation: You are clumsy. (Dex -2) [a cacodemon]
 65967 | Pan      | Lost mutation: Your mind is acute. (Int +2) [a neqoxec]
 65971 | Pan      | Gained mutation: You are very clumsy. (Dex -4) [a
                  | cacodemon]
 66381 | Pan      | Gained mutation: You are extremely frail. (-30% HP) [a
                  | neqoxec]
 66539 | Pan      | Got a glowing rune of Zot
 66665 | Pan      | Gained mutation: You are weak. (Str -2) [a neqoxec]
 66674 | Pan      | Gained mutation: You are dopey. (Int -2) [a neqoxec]
 66689 | Pan      | Acquired 1180 gold pieces
 66776 | Pan      | Found an exit through the horrors of the Abyss.
 66822 | Pan      | Noticed Yhaq the pandemonium lord
 66885 | Pan      | Lost mutation: You are extremely frail. (-30% HP) [potion
                  | of mutation]
 66885 | Pan      | Lost mutation: Armour fits poorly on your strangely shaped
                  | body. [potion of mutation]
 66885 | Pan      | Lost mutation: You are dopey. (Int -2) [potion of mutation]
 66885 | Pan      | Gained mutation: You are partially covered in molten
                  | scales. (AC +2) [potion of mutation]
 66886 | Pan      | Lost mutation: You sometimes yell uncontrollably at your
                  | foes. [potion of mutation]
 66886 | Pan      | Lost mutation: You are partially covered in molten scales.
                  | (AC +2) [potion of mutation]
 66886 | Pan      | Lost mutation: You are very frail. (-20% HP) [potion of
                  | mutation]
 66886 | Pan      | Gained mutation: You can translocate small distances at
                  | will. [potion of mutation]
 66887 | Pan      | Lost mutation: You are very clumsy. (Dex -4) [potion of
                  | mutation]
 66887 | Pan      | Lost mutation: You are clumsy. (Dex -2) [potion of
                  | mutation]
 66887 | Pan      | Lost mutation: You can translocate small distances at will.
                  | [potion of mutation]
 66887 | Pan      | Lost mutation: You are frail. (-10% HP) [potion of
                  | mutation]
 66887 | Pan      | Gained mutation: You have razor-sharp toenails. [potion of
                  | mutation]
 66924 | Pan      | Lost mutation: Your body often deteriorates upon taking
                  | damage. [potion of mutation]
 66924 | Pan      | Lost mutation: You are weak. (Str -2) [potion of mutation]
 66924 | Pan      | Lost mutation: You occasionally shout uncontrollably at
                  | your foes. [potion of mutation]
 66924 | Pan      | Gained mutation: Your flesh is heat resistant. (rF+)
                  | [potion of mutation]
 66924 | Pan      | Lost mutation: Your body sometimes deteriorates upon taking
                  | damage. [potion of mutation]
 66924 | Pan      | Gained mutation: You are partially covered in large bone
                  | plates. (SH +4) [potion of mutation]
 66925 | Pan      | Lost mutation: You have razor-sharp toenails. [potion of
                  | mutation]
 66925 | Pan      | Lost mutation: You are sometimes teleported next to
                  | monsters. [potion of mutation]
 66925 | Pan      | Lost mutation: Your flesh is heat resistant. (rF+) [potion
                  | of mutation]
 66925 | Pan      | Lost mutation: Your spells are easier to cast, but less
                  | powerful. [potion of mutation]
 66925 | Pan      | Gained mutation: You are clumsy. (Dex -2) [potion of
                  | mutation]
 66925 | Pan      | Gained mutation: You are robust. (+10% HP) [potion of
                  | mutation]
 66926 | Pan      | Lost mutation: You have sharp toenails. [potion of
                  | mutation]
 66926 | Pan      | Lost mutation: You are clumsy. (Dex -2) [potion of
                  | mutation]
 66926 | Pan      | Gained mutation: You have a pair of small horns on your
                  | head. [potion of mutation]
 66926 | Pan      | Gained mutation: Your muscles are strong. (Str +2) [potion
                  | of mutation]
 66927 | Pan      | Lost mutation: Your spells are a little easier to cast, but
                  | a little less powerful. [potion of mutation]
 66927 | Pan      | Lost mutation: You are robust. (+10% HP) [potion of
                  | mutation]
 66927 | Pan      | Lost mutation: Your magical capacity is extremely low.
                  | (-30% MP) [potion of mutation]
 66927 | Pan      | Gained mutation: Your muscles are very strong. (Str +4)
                  | [potion of mutation]
 66927 | Pan      | Gained mutation: You evolve. [potion of mutation]
 66927 | Pan      | Gained mutation: Your mind is acute. (Int +2) [potion of
                  | mutation]
 66929 | Pan      | Lost mutation: You are occasionally teleported next to
                  | monsters. [potion of mutation]
 66929 | Pan      | Lost mutation: Your magical capacity is very low. (-20% MP)
                  | [potion of mutation]
 66929 | Pan      | Gained mutation: You are agile. (Dex +2) [potion of
                  | mutation]
 66947 | Pan      | Found an exit through the horrors of the Abyss.
 67161 | Pan      | Entered the realm of Cerebov.
 67179 | Pan      | Got a slimy jade amulet
 67189 | Pan      | Identified the amulet "Meeqohua" {Faith Str+7 Int-3 Dex+7}
                  | (You found it in Pandemonium)
 67238 | Pan      | Got a scorched brass ring
 67240 | Pan      | Got a faintly glowing golden amulet
 67249 | Pan      | Identified the ring "Paonweh" {Fire rN+} (You found it in
                  | Pandemonium)
 67253 | Pan      | Identified the amulet "Pass" {Inacc rPois Str-5 Int+5} (You
                  | found it in Pandemonium)
 67437 | Pan      | Identified the +6 sword of Cerebov {flame}
 67437 | Pan      | Noticed Cerebov
 67521 | Pan      | Killed Cerebov
 67582 | Pan      | Got a fiery rune of Zot
 67777 | Pan      | Found an exit through the horrors of the Abyss.
 67949 | Pan      | Entered the realm of Gloorx Vloq.
 68375 | Pan      | Noticed Gloorx Vloq
 68386 | Pan      | HP: 13/277 [poisoned by Gloorx Vloq (poison arrow)]
 68389 | Pan      | HP: 5/277 [Executioner (12)]
 68389 | Pan      | Slain by a large abomination

Illustrated notes

Levels and vault maps discovered:
D:1:      lightli_arrival_flooded_house, layout_loops_corners
D:2:      minmay_angry_zag, layout_basic, hangedman_ru_absence,
          yredelemnul_altar_generic
D:3:      layout_loops_ring, nicolae_gozag_cash_rules_everything_around_me
D:4:      layout_rooms, kennysheep_generic_room_16
D:5:      cheibrodos_helix_gallery, layout_loops_ring,
          grunt_temple_overflow_open, minmay_temple_entry_slanted,
          doesnt_xom_only_xom, uniq_ijyb, uniq_edmund
D:6:      layout_basic
D:7:      layout_loops_corners, lemuel_coloured_pillars_altar,
          minmay_misc_feat_pillars, uniq_harold
D:8:      layout_loops_ring, lemuel_doored_altar, serial_undead,
          serial_undead_d, serial_undead_d, serial_undead_d, serial_undead_d,
          nicolae_ossuary_entry_monument, serial_shops, shop, uniq_erica
D:9:      layout_small_grid, basic_altar, special_room [special_room_bee],
          serial_shops, nicolae_shop_statue_plus
D:10:     layout_layer_cave, due_lair_maze_entry_diamond
D:11:     gammafunk_sealed_arena, layout_cave_pools, orc_0_dummy, serial_shops,
          nicolae_shop_window_shopping, shop, nicolae_shop_statue_plus,
          enter_bailey_3, uniq_sonja, uniq_erolcha
D:12:     layout_cave_pods, serial_shops, shop, minmay_misc_feat_room,
          lightli_elemental_guards
D:13:     layout_cave_pools, lightli_vaults_fourway_checkpoint, serial_shops,
          shop_statue, portal_ice_cave_entry_imps, lemuel_old_faithful,
          uniq_snorg
D:14:     layout_cave_pods, cheibriados_altar_1, minmay_crystal_box
D:15:     hangedman_depths_entry_civil_slaughter, layout_loops_ring,
          grunt_decor_clamped
Temple:   nicolae_temple_figure_eight
Lair:1:   kb_forest_paths, layout_chaotic_city, serial_forest,
          infiniplex_forest_straight_1, infiniplex_forest_clump_tiny,
          infiniplex_forest_split, infiniplex_forest_end_2,
          infiniplex_forest_join, infiniplex_forest_lined_2,
          eino_small_chamber_without_monster
Lair:2:   layout_misc_corridors, guppyfry_snake_entry_island,
          grunt_forest_small_clearing_treed
Lair:3:   layout_roguey, minmay_swamp_entry_worms, ebering_ghost_rock_garden,
          serial_bayou_lake_a
Lair:4:   layout_gridlike
Lair:5:   dpeg_oklob_shooting_range, layout_cave_pods, grunt_megastairs_4
Lair:6:   minmay_lair_end_frog_pond, layout_small_grid,
          minmay_slime_entry_pillars, serial_bayou_shore_b
Swamp:1:  layout_basic_swamp, evilmike_swamp_ruin_house_4,
          infiniplex_staircase_pool
Swamp:2:  nzn_winding_woodlands_cross [nzn_winding_woodlands_5x15_default,
          nzn_winding_woodlands_5x15_sidewinder, nzn_winding_woodlands_5x15_eye,
          nzn_winding_woodlands_5x15_garden,
          nzn_winding_woodlands_15x15_five_gardens], layout_basic_swamp,
          evilmike_swamp_ruin_rubble_2
Swamp:3:  layout_basic_swamp, gammafunk_ghost_split,
          nicolae_swamp_orc_logging_accident
Swamp:4:  nzn_swamp_witches_coven, layout_basic_swamp
Snake:1:  layout_onion, serial_bayou_shore_b
Snake:2:  layout_basic, uniq_saint_roka
Snake:3:  layout_chambers, grunt_megastairs_5, uniq_bai_suzhen
Snake:4:  minmay_snake_end_coiled, layout_cave_town, grunt_ministairs_5
Slime:1:  layout_caves
Slime:2:  layout_caves
Slime:3:  layout_caves
Slime:4:  layout_caves
Slime:5:  uniq_dissolution
Orc:1:    layout_caves, serial_shops, nicolae_shop_waterfront,
          minmay_orc_temple_b
Orc:2:    st_orc_rangers, layout_diamond_mine, bh_open_orc_temple
Elf:1:    layout_onion_city, hangedman_elf_represent, drop_trap, uniq_azrael
Elf:2:    layout_geoelf_octagon
Elf:3:    elf_hall_gauntlet_wide, layout_geoelf_castle
Vaults:1: nicolae_vaults_network_barrier, v_misc_28, nicolae_vaults_network_s,
          ontoclasm_vaults_twist, hangedman_vaults_pinch,
          vaults_mumra_minichess_inversion, nicolae_vaults_triangles,
          ontoclasm_vaults_claustrophobia, vaults_room_door_ring,
          nicolae_vaults_display_case, layout_vaults_ring
Vaults:2: v_misc_32, hangedman_vaults_stretched_pinwheel,
          nicolae_vaults_little_squares_5, hangedman_vaults_stream, v_misc_13,
          hangedman_vaults_capsules, nicolae_vaults_diagonal_hallway_8,
          vaults_room_guarded_vault, v_rooms_6, ontoclasm_vaults_spin,
          nicolae_vaults_little_squares_2, ontoclasm_vaults_ligature,
          v_alt_pattern_5, layout_vaults_maze_bifur
Vaults:3: v_misc_1, vaults_mumra_minichess, hangedman_vaults_maws, v_misc_23,
          v_pattern_1, minmay_crypt_entry_simple_box,
          ontoclasm_vaults_ring_small, grunt_vaults_focal,
          vaults_room_stairs_pillars, grunt_vaults_twisty,
          layout_vaults_omnigrid
Vaults:4: v_rooms_3, nicolae_vaults_network_star, st_star, v_misc_9,
          vaults_room_large_hall, vaults_room_grunt_arrival_ludios,
          nicolae_vaults_little_squares_4, vaults_standard_mumra_lines,
          layout_vaults_omnibox
Vaults:5
Crypt:1:  gammafunk_its_a_trap, layout_regular_city
Crypt:2:  layout_misc_corridors, uniq_sojobo
Crypt:3:  quadcrypt_mu, uniq_margery, uniq_frederick, uniq_mara
Depths:1: layout_basic, hellmouth_3, serial_shops, nicolae_shop_trees, shop,
          kennysheep_generic_room_2, serial_bayou_shore_a
Depths:2: minmay_guarded_unrand_majin_bo, layout_small_grid,
          rand_demon_pan_entry_5, hell_entry, serial_shops,
          nicolae_shop_behind_doors, shop, shop, shop, shop,
          chequers_serial_rivers_large_b
Depths:3: minmay_blocking_statues, layout_cave_pools, hell_entry,
          minmay_misc_feat_ornament, abyss_entry_crystal,
          rand_demon_pan_entry_1, uniq_asterion
Depths:4: kennysheep_demon_jail, layout_honeycomb, pan_entry,
          nicolae_abyss_entry_one_way_or_another, grunt_metal_band,
          minmay_misc_feat_roman
Depths:5: lemuel_castle_with_subvaults [lemuel_castle_interior_original],
          layout_twisted_cross, enter_ziggurat_b, dk_noncrumbling_2,
          pf_hell_entry_tar_river, minmay_the_grid_square_5x5_3x3_mashed
          [minmay_the_grid_square_5x5_bracketed,
          minmay_the_grid_square_5x5_hollow_slash, minmay_the_grid_square_5x5_z,
          minmay_the_grid_square_5x5_c,
          minmay_the_grid_square_5x5_megaprize_open,
          minmay_the_grid_square_5x5_seven, minmay_the_grid_square_5x5_corner,
          minmay_the_grid_square_5x5_lines,
          minmay_the_grid_square_5x5_pentomino_r]
Hell
Zot:1:    layout_onion_interference
Zot:2:    layout_gridlike, hangedman_zot_decor_tridents,
          hangedman_zot_diagonal_lockstep, zot_minivault_1
Pan:      evilmike_mini_pan_diamond, layout_pan_divisions_a
          [pan_division_quadrant_a1, pan_division_quadrant_a5,
          pan_division_quadrant_a3, pan_division_quadrant_a6,
          pan_division_octagon_empty], pan_blood_fountain, grunt_pan_pentagram,
          layout_gridville, pan_blood_fountain_small, evilmike_mini_pan_pillars,
          layout_onion_city, nicolae_pan_gloorx_vloqian_1, rand_demon_9,
          layout_small_grid, nicolae_pan_sigil_eeng,
          nicolae_pan_gloorx_vloqian_2, grunt_pan_frozen_over,
          layout_small_grid, nicolae_pan_lom_lobonic_2, evilmike_mnoleg_eyes,
          layout_chambers, pan_blood_fountain_2, rand_demon_8,
          layout_pan_divisions_b [pan_division_quadrant_b1,
          pan_division_quadrant_b3, pan_division_quadrant_b3,
          pan_division_quadrant_b1], pan_blood_fountain_small, pan_disco_hall,
          layout_onion_city, pan_blood_fountain_2, pan_blood_fountain_small,
          nicolae_pan_hourglass, layout_irregular_city, pan_blood_fountain,
          cerebov, layout_basic, reaverb_pan_figure_eight,
          evilmike_mini_pan_doors_b, layout_basic, nicolae_pan_gloorx_vloqian_1,
          gloorx_vloq_st, layout_basic, pan_blood_fountain_small,
          nicolae_pan_lom_lobonic_1, nicolae_pan_strange_glyphs
          [nicolae_pan_strange_glyph_melancholia,
          nicolae_pan_strange_glyph_contempt,
          nicolae_pan_strange_glyph_disappointment]

Skill      XL: |  1  2  3  4  5  6  7  8  9 10 11 12 13 14 15 16 17 18 19 20 21 22 23 24 25 26 27 |
---------------+----------------------------------------------------------------------------------+-----
Fighting       | 2 3 4 5 6 7 8 9 10 11 12 13 14 15 16 17 18 19 20 22 | 22.1
Dodging        | 3 4 5 8 |  8.0
Crossbows      | 5 6 7 8 9 |  9.2
Axes           | 1 2 3 4 5 7 9 10 11 13 14 15 16 18 19 22 | 22.2
Evocations     | 1 3 4 5 6 9 10 12 | 12.0
Armour         | 1 2 4 5 7 8 10 11 12 13 14 15 16 17 18 21 | 21.1
Maces & Flails | 2 4 6 7 9 11 12 13 | 13.6
Invocations    | 3 6 8 10 12 13 15 16 17 18 19 20 21 | 21.0
Shields        | 2 4 5 8 10 | 10.9
Slings         | 1 5 7 9 10 11 13 14 | 14.0
Necromancy     | 4 7 9 11 12 14 15 16 17 | 17.0
Spellcasting   | 4 7 9 11 12 | 12.2
Translocations | 6 10 12 | 12.3
Stealth        | |  1.2

Action                   |  1- 3 |  4- 6 |  7- 9 | 10-12 | 13-15 | 16-18 | 19-21 | 22-24 | 25-27 || total
-------------------------+-------+-------+-------+-------+-------+-------+-------+-------+-------++-------
Melee: War axe           |     5 |    28 |       |   403 |   390 |   973 |   813 |  1168 |  2483 ||  6263
       Flail             |       |       |   365 |    81 |       |       |       |       |       ||   446
       Hand axe          |       |       |     8 |       |       |       |       |       |       ||     8
       Dagger            |       |       |       |     3 |       |       |       |       |       ||     3
       Scimitar          |       |       |       |     4 |    29 |       |       |       |       ||    33
       Morningstar       |       |       |       |       |   722 |   198 |   317 |       |       ||  1237
       Broad axe         |       |       |       |       |    18 |       |       |       |       ||    18
       Headbutt          |       |       |       |       |       |       |       |       |   342 ||   342
 Fire: Hand crossbow     |   102 |   134 |    80 |   154 |   367 |    48 |     1 |    48 |    96 ||  1030
       Fustibalus        |       |       |       |     3 |   137 |    57 |   221 |    55 |    35 ||   508
Throw: Dart              |     3 |       |       |       |       |       |       |       |       ||     3
       Javelin           |     2 |       |       |     4 |     3 |       |       |       |       ||     9
       Throwing net      |       |       |     1 |     3 |       |       |       |       |       ||     4
 Cast: Animate Dead      |       |       |       |       |       |       |       |     2 |       ||     2
       Death Channel     |       |       |       |       |       |       |       |     2 |       ||     2
       Passage of Golubr |       |       |       |       |       |       |       |       |     2 ||     2
Invok: Minor Destruction |       |       |     1 |     3 |       |     1 |       |       |       ||     5
       Lesser Servant of |       |       |       |    26 |    36 |    14 |     5 |     1 |       ||    82
       Major Destruction |       |       |       |       |     2 |     5 |     1 |     3 |     1 ||    12
       Greater Servant o |       |       |       |       |       |    10 |    15 |     6 |    31 ||    62
 Abil: Heal Wounds       |       |     2 |     6 |     4 |    14 |       |     4 |       |    14 ||    44
       Evoke Berserk Rag |       |       |       |       |       |       |       |       |     1 ||     1
Evoke: Wand              |       |     8 |     9 |    60 |    49 |    76 |    54 |    39 |    24 ||   319
       Condenser vane    |       |       |       |     1 |     4 |     3 |     2 |     1 |    10 ||    21
       Tin of tremorston |       |       |       |       |     3 |     8 |    11 |     6 |    11 ||    39
       Phial of floods   |       |       |       |       |     1 |     6 |     2 |     1 |       ||    10
       Phantom mirror    |       |       |       |       |       |       |     1 |       |     3 ||     4
       Box of beasts     |       |       |       |       |       |       |       |       |     9 ||     9
       Horn of Geryon    |       |       |       |       |       |       |       |       |     1 ||     1
  Use: Scroll            |       |     4 |     9 |     7 |    17 |    16 |    17 |    10 |    32 ||   112
       Potion            |       |     1 |     1 |     3 |     6 |     2 |    10 |    12 |    34 ||    69
 Stab: Sleeping          |       |     1 |     2 |     1 |       |       |       |       |     1 ||     5
       Held in net/web   |       |       |     1 |       |       |       |       |       |       ||     1
       Distracted        |       |       |       |     6 |     2 |     3 |    13 |     9 |    20 ||    53
       Paralysed         |       |       |       |       |       |     8 |       |       |     1 ||     9
       Invisible         |       |       |       |       |       |     8 |       |       |       ||     8
       Confused          |       |       |       |       |       |       |     1 |     1 |     6 ||     8
Armor: Leather armour    |     3 |     2 |       |       |       |       |       |       |       ||     5
       Scale mail        |       |    16 |       |       |       |       |       |       |       ||    16
       Ring mail         |       |       |   156 |   181 |   136 |       |       |       |       ||   473
       Plate armour      |       |       |       |       |   750 |   722 |   421 |       |       ||  1893
       Fire dragon scale |       |       |       |       |       |       |   149 |   200 |   722 ||  1071
       Skin              |       |       |       |       |       |       |       |       |    40 ||    40
Dodge: Dodged            |    19 |    31 |   294 |   309 |   798 |   539 |   609 |   386 |  1093 ||  4078
Block: Buckler           |       |    15 |    86 |   147 |   419 |   303 |   195 |       |       ||  1165
       Kite shield       |       |       |       |       |       |       |   462 |  1008 |  2350 ||  3820
       Reflection        |       |       |       |       |       |       |       |       |    27 ||    27
       Rpst.: Scimitar   |       |       |       |       |     6 |       |       |       |       ||     6

Table legend: (Time is in decaauts)
 A = Elapsed time spent in this place.
 B = Non-inter-level travel time spent in this place.
 C = Inter-level travel time spent in this place.
 D = Time resting spent in this place.
 E = Time spent auto-exploring this place.
 F = Levels seen in this place.
 G = Mean time per level.
                   A        B        C        D        E       F      G
               +--------+--------+--------+--------+--------+-----+--------+
         Total |  64819 |  57311 |   7508 |   6107 |  29753 |  73 |  887.9 |
       Dungeon |  17218 |  13635 |   3583 |    845 |   8657 |  15 | 1147.9 |
        Temple |    209 |    199 |     10 |      0 |    190 |   1 |  209.0 |
          Lair |   9110 |   8021 |   1089 |   1638 |   3916 |   6 | 1518.3 |
         Swamp |   3476 |   3296 |    180 |    465 |   1598 |   4 |  869.0 |
     Snake Pit |   4260 |   4069 |    191 |    303 |   2641 |   4 | 1065.0 |
    Slime Pits |   1143 |   1090 |     53 |    378 |      0 |   5 |  228.6 |
  Orcish Mines |   2509 |   2207 |    302 |    215 |   1133 |   2 | 1254.5 |
   Elven Halls |   3499 |   3278 |    221 |    405 |   1322 |   3 | 1166.3 |
        Vaults |   6895 |   6303 |    592 |    429 |   3899 |   5 | 1379.0 |
         Crypt |   3161 |   2824 |    337 |    209 |   1139 |   3 | 1053.7 |
        Depths |   5726 |   4938 |    788 |    489 |   2936 |   5 | 1145.2 |
          Hell |    594 |    569 |     25 |      0 |    260 |   1 |  594.0 |
           Zot |   1627 |   1494 |    133 |      6 |   1085 |   2 |  813.5 |
         Abyss |    495 |    495 |      0 |    100 |     10 |   2 |  247.5 |
   Pandemonium |   3373 |   3373 |      0 |    281 |    730 |  12 |  281.1 |
       Ossuary |    228 |    228 |      0 |      0 |     76 |   1 |  228.0 |
        Bailey |    282 |    282 |      0 |      0 |    103 |   1 |  282.0 |
      Ice Cave |   1007 |   1007 |      0 |    341 |     52 |   1 | 1007.0 |
               +--------+--------+--------+--------+--------+-----+--------+

Top non-repeatable levels by time:
  Lair:6: 2510 daAuts
  Lair:5: 1949 daAuts
    D:12: 1750 daAuts
 Crypt:3: 1746 daAuts
    D:10: 1744 daAuts
Depths:5: 1686 daAuts
Vaults:5: 1595 daAuts
  Lair:1: 1560 daAuts
   Elf:3: 1464 daAuts
Vaults:4: 1424 daAuts
Vaults:3: 1383 daAuts
Vaults:1: 1326 daAuts
   Orc:2: 1323 daAuts
    D:13: 1315 daAuts
Depths:2: 1310 daAuts
